 Dungeon Crawl Stone Soup version 0.30.1-3-gfc49f6343a (webtiles) character file.

Game seed: 5295978745575682848

2627 sampeng1 the Fighter (level 9, -1/82 HPs)
             Began as a Minotaur Berserker on July 31, 2023.
             Was a Priest of Trog.
             Slain by boopmooplesden's ghost (12 damage)
             ... on level 7 of the Dungeon.
             The game lasted 00:13:34 (5164 turns).

sampeng1 the Fighter (Minotaur Berserker)           Turns: 5164, Time: 00:13:34

Health: -1/82      AC: 19    Str: 26    XL:     9   Next: 35%
Magic:  8/8        EV:  9    Int:  4    God:    Trog [***...]
Gold:   290        SH:  3    Dex: 10    Spells: 8/8 levels left

rFire   + . .        j - +0 war axe
rCold   . . .        u - +0 buckler
rNeg    . . .        r - +3 plate armour {rF+}
rPois   +            (helmet unavailable)
rElec   .            k - +0 cloak
rCorr   .            (no gloves)
SInv    .            d - +0 pair of boots
Will    .....        (no amulet)
Stlth   x              - ring of poison resistance
HPRegen 0.33/turn    (no ring)
MPRegen 0.11/turn

%: no passive effects
@: lethally poisoned (-1 -> -3), on berserk cooldown, slowed, studying Maces &
Flails, very slow
A: horns 3, retaliatory headbutt
a: Renounce Religion, Berserk, Trog's Hand


You were on level 7 of the Dungeon.
You worshipped Trog.
Trog was most pleased with you.
You visited 1 branch of the dungeon, and saw 7 of its levels.

You collected 290 gold pieces.

Inventory:

Hand Weapons
 a - a +0 hand axe
 j - a +0 war axe (weapon)
Missiles
 b - 3 javelins
 c - a throwing net
 e - 6 poisoned darts (quivered)
 q - 5 curare-tipped darts
Armour
 d - a +0 pair of boots (worn)
 k - a +0 cloak (worn)
 r - a +3 plate armour of fire resistance (worn)
 u - a +0 buckler (worn)
Jewellery
 i - the Hermit's Pendant {Faith Invo=14 Evo=0 MP+5}
   (You found it on level 6 of the Dungeon)

   [amulet of faith]

   Invo=14: It sets your Invocations skill to 14.
   Evo=0: It sets your Evocations skill to 0.
   It allows you to gain divine favour quickly.
   MP:        It affects your magic capacity (+5).
 x - a ring of poison resistance (left hand)
Wands
 f - a wand of quicksilver (11)
 o - a wand of flame (25)
Scrolls
 m - a scroll of silence
 s - a scroll of fear {unknown}
Potions
 g - 5 potions of attraction
 h - a potion of cancellation
 l - a potion of might {unknown}
 n - a potion of haste {unknown}
 p - a potion of curing
 t - a potion of magic
 v - a potion of degeneration


   Skills:
 + Level 8.5 Fighting
 + Level 8.5 Axes
 + Level 8.0 Armour
 + Level 7.3 Dodging


You had 8 spell levels left.
You didn't know any spells.
Your spell library was empty.

Dungeon Overview and Level Annotations

Branches:
Dungeon (7/15)
 Temple: D:4-7

Altars:

Shops:
D:5 :

Annotations:
D:7 boopmooplesden's ghost, novice DsGl


Innate Abilities, Weirdness & Mutations

You have a pair of large horns on your head.
You reflexively headbutt those who attack you in melee.


Message History

Boopmooplesden's ghost is moderately damaged.
You closely miss superradish's ghost.
You feel sick.
You slash boopmooplesden's ghost!
Boopmooplesden's ghost is heavily damaged.
You barely miss superradish's ghost.
You feel very sick.
Boopmooplesden's ghost hits you but does no damage.
Superradish's ghost hits you but does no damage.
You slash boopmooplesden's ghost! You headbutt boopmooplesden's ghost!
Boopmooplesden's ghost is severely damaged.
You closely miss superradish's ghost.
You feel sick. Boopmooplesden's ghost hits you.
* * * LOW HITPOINT WARNING * * *
You block superradish's ghost's attack.
You hit boopmooplesden's ghost but do no damage.
You headbutt boopmooplesden's ghost!
Boopmooplesden's ghost is severely damaged.
You slash superradish's ghost!
You feel sick.
You barely miss superradish's ghost. You headbutt superradish's ghost.
You destroy superradish's ghost!
Trog accepts your kill.
You barely miss boopmooplesden's ghost.
You feel sick.
Boopmooplesden's ghost screams, "I have seen your future, and it is all used up."
Boopmooplesden's ghost hits you but does no damage.
Your Armour skill increases to level 8!
You slash boopmooplesden's ghost!
Boopmooplesden's ghost is almost destroyed.
You are no longer berserk.
You are exhausted.
You feel yourself slow down.
You feel sick.
You block boopmooplesden's ghost's attack.
You hit boopmooplesden's ghost but do no damage.
Boopmooplesden's ghost is almost destroyed.
You feel sick. Boopmooplesden's ghost hits you.
* * * LOW HITPOINT WARNING * * *
You hit boopmooplesden's ghost but do no damage.
Your headbutt misses boopmooplesden's ghost.
Boopmooplesden's ghost is almost destroyed.
You feel sick. Boopmooplesden's ghost hits you!
You die...

#.##.#.# ##.##.#.#
.....#.# # #.##.#.#
#.##.##.#.# #
#######....†..#.# .#
.....#####.##.#.##.####
####.# ###.#..†.......#
#.###...#..#.@W....#
#.........####'''###
#..##.###.#......(.P#
#..##.# #!#⌠[......⌠#
#..##.# ..#P..(....P#
#..##.# ..#?.......)#
#..##.##..##8...$.8##
#..##.# ##?P⌠P[##
#..##.#


You could see boopmooplesden's ghost.

Vanquished Creatures
  Pikel (D:5)
  The ghost of superradish the Sneak, a novice DsBr (D:7)
  Sigmund (D:3)
  A wyvern (D:7)
  4 water moccasins
  Duvessa (D:5)
  An orc warrior (D:5)
  A black bear (D:3)
  An ogre (D:5)
  3 lemures (D:5)
  A gnoll sergeant (D:7)
  4 scorpions
  Dowan (D:5)
  A killer bee (D:5)
  Crazy Yiuf (D:5)
  A jelly (D:6)
  2 sleepcaps (D:6)
  2 gnoll boudas
  6 adders
  13 gnolls
  A shadow imp (D:6)
  A white imp (D:7)
  2 ufetubi
  5 orcs (D:5)
  5 ball pythons
  3 bats (D:1)
  2 endoplasms
  4 giant cockroaches
  3 goblins (D:1)
  6 hobgoblins
  10 jackals
  5 quokkas
  2 frilled lizards (D:1)
  3 kobolds
  6 rats
105 creatures vanquished.

Notes
Turn   | Place    | Note
-------+----------+-------------------------------------------
     0 | D:1      | sampeng1 the Minotaur Berserker began the quest for the
                  | Orb.
     0 | D:1      | Reached XP level 1. HP: 19/19 MP: 0/0
    51 | D:1      | Found a faded altar of an unknown god.
    63 | D:1      | Reached XP level 2. HP: 24/27 MP: 1/1
   156 | D:1      | Gained mutation: You have a pair of large horns on your
                  | head. [potion of mutation]
   229 | D:1      | Reached ** piety under Trog
   338 | D:1      | Reached XP level 3. HP: 33/33 MP: 2/2
  1534 | D:3      | Reached XP level 4. HP: 17/41 MP: 3/3
  1830 | D:3      | Noticed a black bear
  1840 | D:3      | Killed a black bear
  1841 | D:3      | Reached XP level 5. HP: 36/47 MP: 4/4
  1892 | D:3      | Noticed Sigmund
  1901 | D:3      | Killed Sigmund
  1902 | D:3      | Reached skill level 5 in Fighting
  1902 | D:3      | Reached skill level 5 in Axes
  1902 | D:3      | Reached XP level 6. HP: 38/56 MP: 5/5
  2574 | D:4      | You fall into a shaft and drop 1 floor!
  2574 | D:5      | Entered Level 5 of the Dungeon
  2577 | D:5      | Found Zyohodgh's Tiny Tomes.
  2605 | D:5      | Noticed Pikel
  2620 | D:5      | Killed Pikel
  2621 | D:5      | Reached skill level 5 in Armour
  2621 | D:5      | Reached skill level 5 in Dodging
  2621 | D:5      | Reached XP level 7. HP: 7/63 MP: 6/6
  3149 | D:5      | Reached XP level 8. HP: 65/71 MP: 7/7
  3371 | D:5      | Noticed Dowan
  3372 | D:5      | Noticed Duvessa
  3382 | D:5      | Killed Dowan
  3385 | D:5      | Killed Duvessa
  3562 | D:5      | Found a runed translucent door.
  3563 | D:5      | Noticed Crazy Yiuf
  3575 | D:5      | Killed Crazy Yiuf
  3814 | D:5      | Reached *** piety under Trog
  4616 | D:6      | Reached XP level 9. HP: 62/81 MP: 8/8
  4747 | D:6      | Found the Hermit's Pendant {Faith Invo=14 Evo=0 MP+5}
  5129 | D:7      | Found a runed translucent gate.
  5129 | D:7      | Found a runed translucent gate.
  5130 | D:7      | Found a runed translucent gate.
  5131 | D:7      | Noticed boopmooplesden's ghost (novice DsGl)
  5131 | D:7      | Noticed superradish's ghost (novice DsBr)
  5161 | D:7      | Killed superradish's ghost
  5164 | D:7      | Slain by boopmooplesden's ghost

Illustrated notes

Levels and vault maps discovered:
D:1:      minmay_arrival_four_houses, layout_loops_ring, serial_forest,
          infiniplex_forest_corner_2, infiniplex_forest_straight_4,
          infiniplex_forest_lined_2, infiniplex_forest_lined_ring,
          shapermc_ecumenical_altar_starsandcircs
D:2:      layout_rooms, minmay_misc_feat_secret_circle
D:3:      layout_loops_ring, amcnicky_mini_rare_corridor_liquid,
          saegor_snake_ambush, uniq_sigmund
D:4:      layout_basic, minmay_temple_entry_large_hall, serial_undead,
          serial_undead_c, serial_undead_d, serial_undead_d, serial_undead_a,
          serial_undead_e, serial_undead_c
D:5:      minmay_general_purpose_star, layout_cave_pools,
          nicolae_shop_i_like_small_books_too, minmay_manual_mess, uniq_pikel,
          uniq_crazy_yiuf_cottage, uniq_duvessa
D:6:      layout_gridville, chequers_garden, nrook_loot_triangle
D:7:      layout_loops_ring, gammafunk_ghost_cemetery

Skill      XL: |  1  2  3  4  5  6  7  8  9 |
---------------+----------------------------+-----
Fighting       | 4 5 6 8 |  8.5
Axes           | 4 5 6 7 8 |  8.5
Armour         | 3 4 5 6 7 8 |  8.0
Dodging        | 3 4 5 6 7 |  7.3

Action                     |  1- 3 |  4- 6 |  7- 9 || total
---------------------------+-------+-------+-------++-------
  Melee: Hand axe          |    68 |    61 |     2 ||   131
         Headbutt          |    12 |    11 |    30 ||    53
         Punch             |       |     1 |       ||     1
         War axe           |       |       |   149 ||   149
 Invoke: Trog's Hand       |       |     1 |       ||     1
         Berserk           |       |     1 |     2 ||     3
    Use: Potion            |     3 |       |       ||     3
         Scroll            |     4 |       |     9 ||    13
 Armour: Animal skin       |    12 |       |       ||    12
         Leather armour    |     1 |    15 |       ||    16
         Ring mail         |       |     6 |       ||     6
         Scale mail        |       |       |    25 ||    25
         Plate armour      |       |       |    61 ||    61
  Dodge: Dodged            |    55 |    52 |    77 ||   184
  Block: Buckler           |       |       |    10 ||    10
